 Dungeon Crawl Stone Soup version 0.29.1-15-g9cfb28693d (webtiles) character file.

Game seed: 10962355140758879038

83 Ayazi56 the Poker (level 4, -5/31 HPs)
             Began as an Octopode Monk on Apr 13, 2023.
             Was an Elder of Cheibriados.
             Killed from afar by an orc wizard (10 damage)
             ... with a magic dart
             ... on level 3 of the Dungeon.
             The game lasted 00:08:05 (1074 turns).

Ayazi56 the Poker (Octopode Monk)                   Turns: 1074, Time: 00:08:05

Health: -5/31      AC:  1    Str: 21    XL:     4   Next: 44%
Magic:  4/4        EV: 15    Int: 21    God:    Cheibriados [****..]
Gold:   37         SH:  0    Dex: 23    Spells: 3/3 levels left

rFire   . . .      SeeInvis +   a - +0 spear
rCold   . . .      Faith    .   (no shield)
rNeg    . . .      Spirit   .   (helmet restricted)
rPois   .          Reflect  .   (no amulet)
rElec   .          Harm     .   g - ring of see invisible
rCorr   .          Rampage  .   (no ring)
Will    .....                   (no ring)
Stlth   ++++......              (no ring)
HPRegen 0.10/turn               (no ring)
MPRegen 0.09/turn               (no ring)
                                (no ring)
                                (no ring)

@: very slow
A: almost no armour, amphibious, 8 rings, camouflage 1, gelatinous body 1,
(nimble swimmer 1), tentacles
a: Renounce Religion, Bend Time, Temporal Distortion, Slouch


You were on level 3 of the Dungeon.
You worshipped Cheibriados.
Cheibriados was greatly pleased with you.
You visited 1 branch of the dungeon, and saw 3 of its levels.

You collected 37 gold pieces.

Inventory:

Hand Weapons
 a - a +0 spear (weapon)
Jewellery
 g - a ring of see invisible (left tentacle)
Scrolls
 d - 5 scrolls of identify {unknown}
 i - a scroll of noise {unknown}
 j - a scroll of teleportation {unknown}
Potions
 b - a potion of ambrosia
 c - a potion of mutation {unknown}
 e - a potion of curing {unknown}
 f - a potion of flight {unknown}
 h - a potion of brilliance {unknown}


   Skills:
 + Level 3.4 Fighting
 + Level 3.8 Polearms
 + Level 3.6 Dodging
 + Level 3.7 Stealth


You had 3 spell levels left.
You didn't know any spells.
Your spell library contained the following spells:

 Spells                   Type           Power      Damage    Failure   Level
 Scorch                   Fire           0%         2d5       26%         2
 Flame Wave               Conj/Fire      0%         2d4       87%         4
 Summon Cactus Giant      Summ           0%         N/A       100%        6


Dungeon Overview and Level Annotations

Branches:
Dungeon (3/15)

Altars:
Cheibriados


Innate Abilities, Weirdness & Mutations

You cannot wear most types of armour.
You are amphibious.
You can wear up to eight rings at the same time.
Your skin changes colour to match your surroundings (Stealth+).
Your rubbery body absorbs attacks. (AC +1, EV +1)
((You are camouflaged when in or above water. (Stealth+)))
You have tentacles for arms and can constrict up to eight enemies at once.


Message History

Cheibriados thoroughly appreciates the change of pace.
There is a stone staircase leading up here.
There is a stone staircase leading up here.
Found a sling.
An adder comes into view.
Found 10 gold pieces.
An orc and an orc wizard come into view.
You see here a +0 sling.
The helpless adder fails to defend itself.
You hit the adder. You grab the adder. You squeeze the adder.
You kill the adder!
Cheibriados thoroughly appreciates the change of pace.
The orc shouts!
You hear a shout!
An orc wizard, an orc and an orc priest come into view.
Found a chain mail.
Found a stone staircase leading up.
The orc wizard points at you and mumbles some strange words.
The magic dart hits you!
The orc wizard casts a spell.
The orc wizard flickers and vanishes for a moment.
The orc wizard casts a spell.
The orc wizard flickers and vanishes for a moment.
You see here a +0 sling.
The orc priest shouts!
You puncture the orc!
You kill the orc!
Cheibriados appreciates the change of pace.
You hear an angry hiss.
The orc wizard gestures at you while chanting.
The magic dart hits you.
* * * LOW HITPOINT WARNING * * *
You fail to use your ability.
The orc wizard points at you and mumbles some strange words.
The orc wizard resists with some effort.
You closely miss the orc wizard. Your grab misses the orc wizard.
You barely miss the orc wizard. Your grab misses the orc wizard.
You squeeze the orc wizard!
The orc wizard is almost dead.
The orc wizard casts a spell at you. The magic dart hits you!
You die...

..... ######..#####.## #
.....## ##<#####.## .
##.....## #........# #.
#.......## ##.....#.# ..
.........# #.....####.#
.........# #.....# #.#
.<....$..# ####..####.#
.........#########.........
.......oo)@........#..##..#
#.....o.##o..########.##.#.
.........#...# #..#.#.
.........#...# #.#...
....o.[..#..... ##.....
.........#...#.######......
....... #...#....†#..#.#..
#...# ###......#..
.....####......##.


You could see an orc priest, 2 orc wizards and an orc.

Vanquished Creatures
  3 adders
  A worm (D:2)
  A dart slug (D:1)
  An orc (D:3)
  5 ball pythons
  5 endoplasms
  3 giant cockroaches
  5 goblins
  4 hobgoblins
  8 kobolds
  A quokka (D:2)
  4 bats
  3 rats
44 creatures vanquished.

Notes
Turn   | Place    | Note
-------+----------+-------------------------------------------
     0 | D:1      | Ayazi56 the Octopode Monk began the quest for the Orb.
     0 | D:1      | Reached XP level 1. HP: 16/16 MP: 1/1
    85 | D:1      | Reached XP level 2. HP: 10/21 MP: 2/2
   136 | D:1      | Found a faded altar of an unknown god.
   144 | D:1      | Prayed at the altar of an unknown god.
   144 | D:1      | Became a worshipper of Cheibriados the Contemplative
   144 | D:1      | Reached * piety under Cheibriados
   144 | D:1      | Reached ** piety under Cheibriados
   210 | D:1      | Reached *** piety under Cheibriados
   322 | D:1      | Reached XP level 3. HP: 12/26 MP: 3/3
   844 | D:2      | Reached XP level 4. HP: 10/31 MP: 4/4
  1014 | D:3      | Reached **** piety under Cheibriados
  1074 | D:3      | Killed from afar by an orc wizard

Illustrated notes

Levels and vault maps discovered:
D:1:      tarquinn_simple_flora_water_e, layout_basic,
          hellmonk_ecumenical_altar_zigzags
D:2:      layout_loops_ring, basic_altar, small_statue_intersection,
          kennysheep_cluttered_room, st_stairs_1
D:3:      layout_rooms

Skill      XL: |  1  2 |
---------------+-------+-----
Stealth        | 3 |  3.7
Fighting       | |  3.4
Polearms       | |  3.8
Dodging        | |  3.6

Action                   |  1- 3 |  4- 6 || total
-------------------------+-------+-------++-------
Melee: Spear             |    70 |    16 ||    86
       Tentacles         |    15 |     4 ||    19
       Constrict         |    18 |     4 ||    22
       Punch             |       |     1 ||     1
 Stab: Sleeping          |     9 |     4 ||    13
Armor: Skin              |     1 |     2 ||     3
Dodge: Dodged            |    53 |     7 ||    60
